 Dungeon Crawl Stone Soup version 0.30.1-11-g7821555f0a (webtiles) character file.

Game seed: 14957300759704754308

704 Ijustatesigmund the Conjurer (level 7, -1/45 HPs)
             Began as an Octopode Conjurer on Jan 11, 2024.
             Was an Initiate of Vehumet.
             Slain by an ice beast (8 damage)
             ... on level 6 of the Dungeon.
             The game lasted 00:08:14 (6139 turns).

Ijustatesigmund the Conjurer (Octopode Conjurer)    Turns: 6139, Time: 00:08:14

Health: -1/45      AC:  1    Str:  6    XL:     7   Next: 67%
Magic:  5/13       EV: 13    Int: 28    God:    Vehumet [......]
Gold:   381        SH:  0    Dex: 17    Spells: 8/15 levels left

rFire   . . .        c - +3 mace
rCold   . . .        (no shield)
rNeg    . . .        t - +0 hat
rPois   .            (no amulet)
rElec   .            s - +6 ring of intelligence
rCorr   +            o - ring of resist corrosion
SInv    .            w - +6 ring of dexterity
Will    .....        (no ring)
Stlth   +++          (no ring)
HPRegen 0.27/turn    (no ring)
MPRegen 0.13/turn    (no ring)
                     (no ring)

%: no passive effects
@: very slightly contaminated
A: almost no armour, amphibious, 8 rings, camouflage 1, gelatinous body 1,
(nimble swimmer 1), tentacles
a: Renounce Religion


You were on level 6 of the Dungeon.
You worshipped Vehumet.
Vehumet was noncommittal.
You visited 2 branches of the dungeon, and saw 7 of its levels.

You collected 381 gold pieces.

Inventory:

Hand Weapons
 c - a +3 mace (weapon)
Armour
 t - a +0 hat (worn)
Jewellery
 o - a ring of resist corrosion (right tentacle)
 s - a +6 ring of intelligence (left tentacle)
 u - an amulet of faith
 w - a +6 ring of dexterity (on tentacle)
Wands
 r - a wand of iceblast (7)
 v - a wand of digging (6)
Scrolls
 g - a scroll of teleportation
 i - a scroll of noise {unknown}
 j - a scroll of blinking {unknown}
 l - a scroll of summoning {unknown}
 m - a scroll of torment {unknown}
 q - a scroll of fog {unknown}
Potions
 a - a potion of magic
 b - a potion of brilliance
 d - a potion of flight
 e - 2 potions of might
 f - 2 potions of heal wounds
 h - 2 potions of resistance
 k - 3 potions of attraction
 n - a potion of lignification {unknown}
 p - 2 potions of haste {unknown}


   Skills:
 - Level 2.0 Fighting
 - Level 2.0 Dodging
 - Level 2.6 Stealth
 + Level 4.5 Spellcasting
 + Level 6.0 Conjurations
 * Level 4.3 Translocations


You had 8 spell levels left.
You knew the following spells:

 Your Spells              Type           Power      Damage    Failure   Level
a - Magic Dart            Conj           100%       1d8       1%          1
b - Searing Ray           Conj           80%        2d7       1%          2
c - Iskenderun's Mystic   Conj/Tloc      35%        2d8       9%          4

Your spell library contained the following spells:

 Spells                   Type           Power      Damage    Failure   Level
 Kiss of Death            Conj/Necr      92%        2d12      1%          1
 Lesser Beckoning         Tloc           60%        N/A       1%          2
 Gell's Gravitas          Tloc           30%        N/A       3%          3
 Teleport Other           Tloc           30%        N/A       3%          3
 Dazzling Flash           Conj/Hex       46%        N/A       6%          3
 Summon Small Mammal      Summ           24%        N/A       7%          1
 Passwall                 Tmut/Erth      5%         N/A       11%         2
 Fulminant Prism          Conj/Hex       11%        3d8       21%         4
 Call Canine Familiar     Summ           6%         N/A       22%         3
 Confusing Touch          Hex            6%         N/A       22%         3
 Summon Guardian Golem    Hex/Summ       6%         N/A       22%         3
 Dispel Undead            Necr           6%         3d8       56%         4
 Lee's Rapid Deconstruct  Erth           3%         3d5*      89%         5
 Silence                  Hex/Air        3%         N/A       89%         5


Dungeon Overview and Level Annotations

Branches:
Dungeon (6/15)             Temple (1/1) D:5

Altars:
Ashenzari
Cheibriados
Dithmenos
Fedhas
Gozag
Hepliaklqana
Makhleb
Nemelex Xobeh
Okawaru
Qazlal
Ru
Sif Muna
Trog
Uskayaw
Vehumet
Wu Jian
Xom
Zin

Shops:
D:4 [


Innate Abilities, Weirdness & Mutations

You cannot wear most types of armour.
You are amphibious.
You can wear up to eight rings at the same time.
Your skin changes colour to match your surroundings (Stealth+).
Your rubbery body absorbs attacks. (AC +1, EV +1)
((You are camouflaged when in or above water. (Stealth+)))
You have tentacles for arms and can constrict up to eight enemies at once.


Message History

4 poisoned darts; a +0 dagger; a kobold skeleton
Things that are here:
a +0 club; a kobold skeleton You see here a +2 dagger of venom.
You now have 381 gold pieces (gained 17).
An ice beast comes into view.
Casting: Searing Ray (safe; 1% risk of failure)
Confirm with . or Enter, or press ? or * to list all spells.
Aiming: Searing Ray (safe; 1% risk of failure)
Press: ? - help, Shift-Dir - straight line, f - ice beast
Aim: an ice beast (asleep, 100% to hit)
The searing ray hits the ice beast.
The ice beast is moderately wounded. (Press . to maintain the ray.)
Casting: Searing Ray (safe; 1% risk of failure)
Confirm with . or Enter, or press ? or * to list all spells.
Restarting spell: Searing Ray (safe; 1% risk of failure)
Press: ? - help, Shift-Dir - straight line, f/p - ice beast
Aim: an ice beast (moderately wounded, 82% to hit)
The searing ray hits the ice beast!
The ice beast is heavily wounded. (Press . to maintain the ray.)
The ice beast closely misses you. The ice beast hits you.
The ice beast freezes you!
You thump the ice beast!
The ice beast is almost dead.
The ice beast hits you. The ice beast freezes you! The ice beast hits you.
The ice beast freezes you!
* * * LOW HITPOINT WARNING * * *
Casting: Searing Ray (safe; 1% risk of failure)
Confirm with . or Enter, or press ? or * to list all spells.
The spell is quite dangerous to miscast (9% risk of failure)!
Continue anyway? [Y]es or [N]o only, please.
The spell is quite dangerous to miscast (9% risk of failure)!
Continue anyway?
You miscast Iskenderun's Mystic Blast.
You are very lightly contaminated with residual magic.
Nothing appears to happen.
The ice beast hits you.
* * * LOW HITPOINT WARNING * * *
The ice beast freezes you!
You die...

##.#####.##.##.#
#.##.# .#
##.##.#
#.####..##.#
#..........#
######..####
#####..#
#......#####.#
.........@Y....#
###.###.########
# #.# #.# #.#
..# ###


You could see an ice beast.

Vanquished Creatures
  Sigmund (D:2)
  A centaur (D:6)
  A kobold brigand (D:6)
  A hound (D:5)
  An orc priest (D:5)
  A sleepcap (D:5)
  Jessica (D:2)
  An iguana (D:5)
  Natasha (thrice) (D:2)
  A gnoll (D:1)
  4 adders
  An ufetubus (D:5)
  4 worms
  3 dart slugs
  13 orcs
  9 bats
  6 endoplasms
  4 giant cockroaches
  8 goblins
  6 hobgoblins
  4 jackals (D:4)
  A quokka (D:1)
  3 ball pythons
  2 frilled lizards (D:1)
  14 kobolds
  6 rats
100 creatures vanquished.

Notes
Turn   | Place    | Note
-------+----------+-------------------------------------------
     0 | D:1      | Ijustatesigmund the Octopode Conjurer began the quest for
                  | the Orb.
     0 | D:1      | Reached XP level 1. HP: 11/11 MP: 3/3
   215 | D:1      | Reached XP level 2. HP: 18/18 MP: 3/5
   251 | D:1      | Learned a level 2 spell: Searing Ray
   300 | D:1      | Reached skill level 1 in Fighting
   396 | D:1      | Reached XP level 3. HP: 14/23 MP: 6/6
  1135 | D:2      | Noticed Sigmund
  1159 | D:2      | Noticed Jessica
  1175 | D:2      | Killed Jessica
  1176 | D:2      | Reached XP level 4. HP: 6/29 MP: 0/8
  1421 | D:2      | Learned a level 4 spell: Iskenderun's Mystic Blast
  2677 | D:3      | Reached XP level 5. HP: 34/34 MP: 7/9
  2710 | D:3      | Reached skill level 1 in Translocations
  2989 | D:4      | Found Keoruel's Antique Armour Boutique.
  3603 | D:4      | Reached skill level 5 in Conjurations
  3974 | D:5      | Entered Level 5 of the Dungeon
  4164 | D:5      | Found a staircase to the Ecumenical Temple.
  4178 | Temple   | Entered the Ecumenical Temple
  4236 | Temple   | Became a worshipper of Vehumet
  4271 | D:5      | Identified the +0 hand axe of Quygam {heavy, rCorr Dex+3}
  4343 | D:5      | Reached XP level 6. HP: 33/39 MP: 0/11
  4481 | D:5      | Found a sacrificial altar of Ru.
  4572 | D:5      | Found a broken altar of Ashenzari.
  4573 | D:5      | Found a snail-covered altar of Cheibriados.
  4930 | D:5      | Found a hazy altar of Hepliaklqana.
  5281 | D:2      | Noticed Natasha
  5283 | D:2      | Killed Natasha
  5336 | D:2      | Noticed Natasha
  5340 | D:2      | Killed Natasha
  5418 | D:2      | Killed Sigmund
  5419 | D:2      | Reached XP level 7. HP: 34/45 MP: 0/13
  5683 | D:2      | Got the Excursus on Ill Luck and Excavation
  5684 | D:2      | Noticed Natasha
  5688 | D:2      | Killed Natasha
  6048 | D:6      | Reached skill level 6 in Conjurations
  6139 | D:6      | Slain by an ice beast

Illustrated notes

Levels and vault maps discovered:
D:1:      dpeg_arrival_water_fire, layout_basic, st_stairs_9,
          minmay_stone_trees_small
D:2:      layout_rooms, hangedman_decor_points, uniq_natasha, uniq_sigmund,
          uniq_jessica
D:3:      layout_loops_corners
D:4:      layout_cave_pods, serial_shops, nicolae_shop_tiny_statue_garden
D:5:      layout_loops_ring, nicolae_ru_awakened_eye, nicolae_overflow_squiral,
          amcnicky_altar_gilded, minmay_temple_entry_grid
D:6:      layout_loops_ring, old_standard_altar, lemuel_crystal_altar,
          nicolae_overflow_hidden_temple
Temple:   nicolae_temple_ecumenical_triangle

Skill      XL: |  1  2  3  4  5  6  7 |
---------------+----------------------+-----
Fighting       | 1 2 |  2.0
Spellcasting   | 3 4 |  4.5
Translocations | 2 3 4 |  4.3
Conjurations   | 5 6 |  6.0
Dodging        | |  2.0
Stealth        | |  2.6

Action                     |  1- 3 |  4- 6 |  7- 9 || total
---------------------------+-------+-------+-------++-------
  Melee: Hand axe          |    14 |       |       ||    14
         Mace              |    16 |    18 |     4 ||    38
         Constrict         |     5 |     5 |     1 ||    11
         Tentacles         |     4 |     3 |     1 ||     8
   Cast: Magic Dart        |    33 |   164 |    11 ||   208
         Searing Ray       |     1 |     6 |     3 ||    10
         Iskenderun's Myst |       |       |     1 ||     1
    Use: Potion            |     1 |       |       ||     1
         Scroll            |       |     6 |       ||     6
   Stab: Sleeping          |     4 |       |       ||     4
 Armour: Skin              |     4 |     2 |       ||     6
  Dodge: Dodged            |    29 |    34 |    15 ||    78
